AoeStats
← UgurtheGreat

Lombardia

507110104Analyzed
3v3 RM · 15d ago on Sep 16, 2026· 66m 6s· 6 players
Game mode
Random Map
Map size
Normal (6 player)
Population
200
Speed
Normal
Resources
Standard
Victory
Conquest
Starting age
Dark Age
Ending age
Imperial Age
RankedLock teamsTeams togetherTeam positionsShared explorationLock speedFull tech treeHidden civsTurbo modeCheats
Victory
Defeat
🇮🇹 Poles · Italy
1071
+11
🇹🇷 Slavs · Türkiye
1042
+12
🇹🇷 Italians · Türkiye
1000
+14
🇩🇪 Britons · Germany
1000
-13
🇻🇪 Japanese · Venezuela
974
-13
🇪🇸 Portuguese · Spain
908
-11
ponlopallevar
0:57 Loom
13:48 Feudal Age
19:49 Castle Age
19:43 Scale Mail Armor
19:54 Forging
20:08 Double-Bit Axe
20:11 Horse Collar
22:23 Bow Saw
25:15 Pikeman
26:56 Chain Mail Armor
31:46 Imperial Age
29:21 Gold Mining
34:01 Iron Casting
33:57 Plate Mail Armor
34:26 Halberdier
36:46 Conscription
36:37 Gambesons
36:54 Squires
48:13 Elite Samurai
59:31 Blast Furnace
59:50 Cavalier
60:30 Husbandry
60:41 Bloodlines
62:23 Scale Barding Armor
Nomssisuo
0:27 Loom
11:21 Feudal Age
12:03 Double-Bit Axe
12:14 Horse Collar
15:07 Gold Mining
17:51 Fletching
18:59 Padded Archer Armor
21:35 Wheelbarrow
20:47 Town Watch
21:01 Stone Mining
25:31 Castle Age
26:10 Bodkin Arrow
27:08 Hand Cart
26:20 Crossbowman
27:11 Thumb Ring
28:52 Leather Archer Armor
29:28 Man-at-Arms
29:54 Gambesons
30:54 Scale Mail Armor
31:04 Forging
30:17 Long Swordsman
31:46 Chain Mail Armor
32:33 Ballistics
33:46 Elite Skirmisher
35:52 Stone Shaft Mining
35:28 Bow Saw
35:19 Heavy Plow
36:16 Iron Casting
35:47 Arson
37:24 Pikeman
42:32 Imperial Age
42:42 Arbalester
43:31 Bracer
47:23 Ring Archer Armor
48:02 Chemistry
47:19 Masonry
48:08 Scale Barding Armor
49:54 Cavalier
50:45 Bloodlines
50:36 Husbandry
52:17 Chain Barding Armor
53:03 Conscription
54:07 Plate Mail Armor
56:17 Capped Ram
57:37 Light Cavalry
59:02 Halberdier
61:58 Two-Man Saw
65:02 Plate Barding Armor
matron
3:54 Loom
14:50 Feudal Age
18:16 Horse Collar
23:37 Castle Age
23:28 Fletching
24:05 Padded Archer Armor
24:25 Pikeman
25:10 Scale Mail Armor
25:23 Heavy Plow
27:20 Squires
27:58 Bodkin Arrow
28:22 Double-Bit Axe
29:18 Wheelbarrow
29:14 Bow Saw
28:33 Crossbowman
31:08 Leather Archer Armor
31:09 Chain Mail Armor
31:04 Forging
36:14 Imperial Age
35:19 Hand Cart
35:43 Iron Casting
35:35 Ballistics
35:11 Murder Holes
37:08 Gold Mining
37:09 Stone Mining
39:12 Two-Man Saw
37:41 Halberdier
38:20 Elite Longbowman
40:02 Bracer
41:05 Chemistry
44:27 Arbalester
45:32 Yeomen
45:33 Conscription
53:49 Ring Archer Armor
53:50 Plate Mail Armor
54:21 Blast Furnace
55:47 Elite Skirmisher
63:51 Hoardings
63:27 Masonry
PUNISHER_CENGO 23
12:14 Feudal Age
15:57 Double-Bit Axe
18:29 Castle Age
20:41 Bow Saw
20:24 Gold Mining
20:24 Stone Mining
25:34 Horse Collar
29:59 Gold Mining
30:45 Stone Shaft Mining
30:47 Padded Archer Armor
30:48 Loom
33:41 Wheelbarrow
33:33 Leather Archer Armor
33:09 Fletching
36:18 Heavy Plow
38:53 Imperial Age
36:09 Town Watch
39:09 Coinage
38:39 Caravan
39:09 Silk Road
39:37 Elite Genoese Crossbowman
40:53 Hoardings
40:39 Conscription
41:04 Ring Archer Armor
40:31 Bodkin Arrow
40:46 Forging
40:38 Scale Mail Armor
42:13 Hand Cart
42:41 Ballistics
42:07 Arrowslits
43:23 Chemistry
45:10 Two-Man Saw
44:04 Treadmill Crane
44:15 Heated Shot
44:58 Masonry
45:17 Pirotechnia
44:49 Elite Skirmisher
44:50 Crossbowman
45:36 Thumb Ring
45:44 Arbalester
50:07 Bracer
50:43 Iron Casting
50:24 Chain Mail Armor
50:14 Scale Barding Armor
50:33 Bombard Tower
50:44 Architecture
53:05 Squires
52:25 Pikeman
52:26 Man-at-Arms
64:32 Town Patrol
klaushofer
7:18 Loom
10:39 Feudal Age
11:31 Double-Bit Axe
11:28 Horse Collar
15:42 Scale Barding Armor
16:36 Bloodlines
17:56 Forging
22:17 Castle Age
23:00 Husbandry
22:21 Light Cavalry
23:22 Heavy Plow
25:24 Bow Saw
26:17 Chain Barding Armor
29:42 Iron Casting
31:13 Wheelbarrow
42:47 Imperial Age
41:26 Szlachta Privileges
42:10 Gold Mining
44:44 Crop Rotation
45:08 Hand Cart
44:21 Cavalier
51:12 Winged Hussar
54:22 Blast Furnace
54:13 Conscription
55:57 Stone Mining
59:09 Capped Ram
60:43 Siege Ram
65:33 Scale Mail Armor
65:25 Fletching
UgurtheGreat
3:57 Loom
11:33 Feudal Age
16:33 Castle Age
14:49 Double-Bit Axe
15:12 Horse Collar
23:32 Bow Saw
24:43 Wheelbarrow
24:59 Wheelbarrow
24:12 Town Watch
25:50 Ballistics
27:51 Hand Cart
27:37 Man-at-Arms
28:17 Squires
28:33 Detinets
30:39 Squires
29:59 Long Swordsman
36:11 Imperial Age
34:49 Scale Mail Armor
35:00 Forging
34:40 Fletching
37:04 Chain Mail Armor
37:24 Iron Casting
37:00 Siege Engineers
37:56 Chemistry
36:19 Onager
38:19 Town Patrol
39:12 Plate Mail Armor
39:17 Siege Onager
39:31 Siege Onager
41:20 Two-Handed Swordsman
42:15 Champion
46:06 Blast Furnace
45:01 Bodkin Arrow
45:12 Scale Barding Armor
45:31 Conscription
45:49 Hoardings
47:10 Heavy Scorpion
49:16 Caravan
51:48 Bloodlines
51:38 Husbandry
50:59 Light Cavalry
55:57 Pikeman
58:56 Chain Barding Armor
61:40 Hussar
63:03 Plate Barding Armor
Connection lost

Rejoining the realm…

Still unreachable

The connection could not be restored.

Session expired

The server has moved on; the page needs a fresh start.